 Dungeon Crawl Stone Soup version 0.30-a0-586-g23e55c9e0a (webtiles) character file.

Game seed: 11675819499549151782

5594 cforsyth the Grappler (level 10, -8/96 HPs)
             Began as a Ghoul Monk on Jan 4, 2023.
             Killed from afar by an acid dragon (30 damage)
             ... with a splash of acid
             ... on level 8 of the Dungeon.
             The game lasted 00:20:41 (10553 turns).

cforsyth the Grappler (Ghoul Monk)                 Turns: 10553, Time: 00:20:42

Health: -8/96      AC:  8    Str: 20    XL:     10   Next: 73%
Magic:  9/9        EV: 17    Int:  5    God:
Gold:   235        SH:  0    Dex: 11    Spells: 9/9 levels left

rFire   . . .      SeeInvis .      - Unarmed
rCold   + . .      Faith    .    (no shield)
rNeg    + + +      Spirit   .    F - +0 plate armour
rPois   ∞          Reflect  .    (no helmet)
rElec   .          Harm     .    l - +0 cloak
rCorr   .          Rampage  .    s - +0 pair of gloves
Will    .....                    k - +0 pair of boots Stlth
                                 o - amulet of the acrobat
HPRegen 0.00/turn                z - +5 ring of evasion
MPRegen 0.11/turn                D - +5 ring of evasion

@: about to teleport, corroded, inhibited regen
A: claws 1, cold resistance 1, negative energy resistance 3, inhibited
regeneration, torment resistance 2, devour on kill
a: no special abilities


You were on level 8 of the Dungeon.
You visited 2 branches of the dungeon, and saw 10 of its levels.
You also visited: Sewer.

You collected 338 gold pieces.
You spent 103 gold pieces at shops.

Inventory:

Armour
 k - a +0 pair of boots (worn)
 l - a +0 cloak (worn)
 m - a +0 pair of gloves
 s - a +0 pair of gloves (worn)
 y - the +2 robe "Wud Vias" {rF++ SInv}
   (You found it on level 6 of the Dungeon)

   rF:        It greatly protects you from fire.
   SInv:      It lets you see invisible.
 F - a +0 plate armour (worn)
Jewellery
 o - an amulet of the acrobat (around neck)
 z - a +5 ring of evasion (left hand)
 D - a +5 ring of evasion (right hand)
Wands
 A - a wand of roots (8)
 E - a wand of acid (7)
 G - a wand of mindburst (15)
Scrolls
 c - 4 scrolls of enchant armour
 d - a scroll of blinking
 g - 7 scrolls of poison
 h - 2 scrolls of fog
 n - 2 scrolls of teleportation
 p - 4 scrolls of enchant weapon
 w - 2 scrolls of vulnerability
 C - a scroll of immolation {unknown}
 I - a scroll of butterflies {unknown}
Potions
 a - a potion of flight {unknown}
 b - 2 potions of ambrosia
 e - 2 potions of brilliance
 f - 3 potions of curing
 i - 2 potions of attraction
 j - a potion of haste
 r - a potion of might {unknown}
 t - 2 potions of lignification {unknown}
 v - 3 potions of heal wounds
 H - a potion of invisibility {unknown}


   Skills:
 + Level 11.2 Fighting
 + Level 6.7 Armour
 - Level 2.6 Dodging
 - Level 2.1 Stealth
 + Level 11.2 Unarmed Combat


You had 9 spell levels left.
You didn't know any spells.
Your spell library contained the following spells:

 Spells                   Type           Power      Damage    Failure   Level
 Freeze                   Ice            0%         1d3       100%        1
 Dazzling Flash           Conj/Hex       0%         N/A       100%        3
 Frozen Ramparts          Ice            0%         1d1       100%        3
 Gell's Gravitas          Tloc           0%         N/A       100%        3
 Hailstorm                Conj/Ice       0%         3d3       100%        3
 Lesser Beckoning         Tloc           0%         N/A       100%        3
 Teleport Other           Tloc           0%         N/A       100%        3
 Vhi's Electric Charge    Tloc/Air       0%         N/A       100%        3
 Iskenderun's Mystic Bla  Conj/Tloc      0%         2d3       100%        4
 Arcjolt                  Conj/Air       0%         1d10      100%        5
 Yara's Violent Unravell  Hex/Tmut       0%         3d3       100%        5
 Starburst                Conj/Fire      0%         6d3       100%        6
 Enfeeble                 Hex            0%         N/A       100%        7
 Maxwell's Capacitive Co  Air            0%         ∞         100%        8


Dungeon Overview and Level Annotations

Branches:
Dungeon (9/15)             Temple (1/1) D:4            Lair (0/5) D:8
    Orc (0/2) D:9           Sewer (visited)

Altars:
Ashenzari
Dithmenos
Fedhas
Gozag
Kikubaaqudgha
Makhleb
Qazlal
Trog
Uskayaw
Wu Jian
Yredelemnul

Shops:
D:5 *   D:7 *::

Annotations:
D:3 3 runed translucent doors, wormed's ghost, amateur MfMo
D:4 3 runed translucent doors, Adrian566's ghost, amateur DsFi; Sabo's ghost, amateur MfGl; ryw's ghost, amateur HONe
D:5 1 runed translucent door, OTABOTABOTAB's ghost, novice GnTm


Innate Abilities, Weirdness & Mutations

You are immune to poison.
You have sharp fingernails.
Your flesh is cold resistant. (rC+)
You are immune to negative energy. (rN+++)
You do not regenerate when monsters are visible.
You are immune to unholy pain and torment.
You thrive by killing the living.


Message History

The orc closely misses you. The orc barely misses you.
You punch the orc!
You kill the orc!
The orc misses you.
You hear some strange, mumbled words.
Something tries to affect you, but you resist.
The acid dragon bites you. The acid dragon barely misses you.
Something hits you. The acid dragon spits acid at you.
The splash of acid hits you!! The acid corrodes you!
The orc closely misses you. The orc wizard closely misses you.
You climb upwards.
Reactivating autopickup.
There is a stone staircase leading down, spattered with blood here.
You see here a +0 dagger.
Okay, then.
Unknown command.
Okay, then.
Unknown command.
Deactivating autopickup; reactivate with Ctrl-A.
You closely miss something.
As you read the scroll of teleportation, it crumbles to dust.
You feel strangely unstable. The orc closely misses you.
The acid dragon barely misses you.
The acid dragon claws you but does no damage.
The orc wizard casts a spell at you. The magic dart hits you!
Something hits you but does no damage.
You hit something but do no damage. Your punch misses something.
The orc hits you but does no damage. The acid dragon bites you.
The acid dragon claws you but does no damage.
The orc wizard closely misses you. Something hits you but does no damage.
You miss something. The orc barely misses you.
The acid dragon barely misses you. The acid dragon completely misses you.
The orc wizard closely misses you. Something hits you.
* * * LOW HITPOINT WARNING * * *
You closely miss something. The orc hits you with a +0 short sword.
* * * LOW HITPOINT WARNING * * *
The acid dragon spits acid at you. The splash of acid hits you!!
You die...

####.........##.............
###...#####.......#######
##..............#
#...###........# #..[#
#.#......# #...# #.########
## #...###.# .# #...#o[.#
.## #[[.D@### ..#
#######.#.#o# ..#
#.......#.#[# !<#
#.#.......#.# ).#
#.#.#######.# ..#
#...........# #.#
###.######### #.# #)# #.####
#.#


You could see an acid dragon (catching breath), an orc wizard and an orc.

Vanquished Creatures
  A two-headed ogre (D:7)
  Pikel (D:5)
  A troll (D:6)
  A wraith (D:7)
  A wyvern (D:8)
  2 steam dragons (D:7)
  Menkaure (D:6)
  A two-headed ogre zombie (D:9)
  2 water moccasins
  2 orc warriors (D:7)
  3 sky beasts
  2 ice beasts
  3 ogres (D:6)
  A black bear (D:6)
  A phantom (D:6)
  A centaur (D:6)
  Blork the orc (D:6)
  A kobold brigand (D:7)
  5 bullfrogs
  A necrophage (D:5)
  4 scorpions
  5 wights (D:8)
  9 killer bees (D:7)
  2 howler monkeys (D:8)
  3 jellies
  4 hounds
  2 orc priests
  A gnoll bouda (D:8)
  3 orc wizards
  Ijyb (D:5)
  3 gnolls
  7 river rats (Sewer)
  6 adders
  A shadow imp (D:8)
  A white imp (D:6)
  5 ufetubi
  A worm (D:4)
  29 orcs
  6 endoplasms
  3 giant cockroaches
  5 goblins
  7 hobgoblins
  4 jackals
  7 kobolds
  3 quokkas
  14 ball pythons
  2 bats (D:1)
  6 frilled lizards
  A hobgoblin skeleton (D:9)
  4 orc skeletons (D:9)
  5 orc zombies (D:9)
  24 rats
210 creatures vanquished.

Vanquished Creatures (others)
  A wizard (D:6)
1 creature vanquished.

Grand Total: 211 creatures vanquished

Notes
Turn   | Place    | Note
-------+----------+-------------------------------------------
     0 | D:1      | cforsyth the Ghoul Monk began the quest for the Orb.
     0 | D:1      | Reached XP level 1. HP: 19/19 MP: 0/0
    79 | D:1      | Reached XP level 2. HP: 26/26 MP: 1/1
   299 | D:1      | Found a faded altar of an unknown god.
   386 | D:1      | Reached XP level 3. HP: 33/33 MP: 2/2
  1636 | D:3      | Found a runed translucent gate.
  1636 | D:3      | Noticed wormed's ghost (amateur MfMo)
  1643 | D:3      | Found a runed translucent gate.
  1644 | D:3      | Found a runed translucent gate.
  1644 | D:3      | Identified the +6 hand axe of Waxutaik {holy, rF+ rC+
                  | Str+5}
  1644 | D:3      | Identified the +6 ring mail of Orext {Dex+2 SInv}
  1978 | D:4      | Reached XP level 4. HP: 16/41 MP: 3/3
  2157 | D:4      | Found a runed translucent gate.
  2157 | D:4      | Found a runed translucent gate.
  2157 | D:4      | Found a runed translucent gate.
  2161 | D:4      | Noticed Sabo's ghost (amateur MfGl)
  2161 | D:4      | Noticed Adrian566's ghost (amateur DsFi)
  2161 | D:4      | Noticed ryw's ghost (amateur HONe)
  2203 | D:4      | Found a stormy altar of Qazlal.
  2367 | D:4      | Found a glowing drain.
  2385 | Sewer    | Entered a sewer
  2445 | Sewer    | Reached XP level 5. HP: 41/47 MP: 4/4
  2560 | Sewer    | Reached skill level 5 in Fighting
  2560 | Sewer    | Reached skill level 5 in Unarmed Combat
  3100 | Sewer    | Reached XP level 6. HP: 40/57 MP: 5/5
  3611 | D:4      | Found a staircase to the Ecumenical Temple.
  3933 | D:5      | Entered Level 5 of the Dungeon
  3933 | D:5      | You fall into a shaft and drop 2 floors!
  3951 | D:7      | Found Zellulej's Book Shop.
  3951 | D:7      | Noticed a steam dragon
  3952 | D:7      | Noticed a water moccasin
  3957 | D:7      | Found Founua's Assorted Antiques.
  3957 | D:7      | Found Duggakkycw's Book Boutique.
  3957 | D:7      | Noticed a sky beast
  3957 | D:7      | Noticed an orc warrior
  3965 | D:7      | Noticed a troll
  3973 | D:7      | Noticed a wraith
  4168 | D:6      | Noticed Blork the orc
  4204 | D:7      | Reached XP level 7. HP: 16/64 MP: 6/6
  4628 | D:6      | Killed Blork the orc
  4910 | D:6      | Identified the +2 robe "Wud Vias" {rF++ SInv}
  5146 | D:6      | Noticed Menkaure
  5160 | D:6      | Killed Menkaure
  5161 | D:6      | Reached XP level 8. HP: 44/74 MP: 7/7
  5842 | D:5      | Reached skill level 1 in Armour
  5956 | D:5      | Noticed Pikel
  5989 | D:5      | Killed Pikel
  6244 | D:5      | Found Derhaada's Desiderata Depot.
  6258 | D:5      | Reached XP level 9. HP: 78/82 MP: 8/8
  6857 | D:5      | Noticed Ijyb
  6876 | D:5      | Killed Ijyb
  7018 | D:5      | Found a runed translucent door.
  7021 | D:5      | Noticed OTABOTABOTAB's ghost (novice GnTm)
  7247 | Temple   | Entered the Ecumenical Temple
  7599 | D:6      | Found an ornate altar of the Wu Jian Council.
  7961 | D:6      | Found a bloodstained altar of Trog.
  7962 | D:6      | Noticed a wizard
  7968 | D:6      | Killed a wizard
  8326 | D:7      | Reached skill level 10 in Fighting
  8326 | D:7      | Reached skill level 5 in Armour
  8326 | D:7      | Reached skill level 10 in Unarmed Combat
  8604 | D:7      | Reached XP level 10. HP: 75/93 MP: 9/9
  8828 | D:7      | Found a hide-covered altar of Uskayaw.
  8904 | D:7      | Bought a fuming inky potion for 25 gold pieces
  8904 | D:7      | Bought a black potion for 25 gold pieces
  8904 | D:7      | Bought a bubbling blue potion for 25 gold pieces
  8904 | D:7      | Bought a scroll labelled HEETOATANU for 28 gold pieces
  8919 | D:7      | Found a burning altar of Makhleb.
  9171 | D:7      | Noticed a two-headed ogre
  9422 | D:7      | Killed a two-headed ogre
  9772 | D:8      | Found a staircase to the Lair.
 10472 | D:9      | Found a staircase to the Orcish Mines.
 10553 | D:8      | Killed from afar by an acid dragon

Illustrated notes

Levels and vault maps discovered:
D:1:      lightli_iron_boxes, layout_basic, ebering_ecumenical_altar_abandoned
D:2:      layout_loops_ring, solitary_fountain
D:3:      layout_loops_ring, elyvilon_altar_3, biasface_ghost_orc_armoury
D:4:      layout_gridville, grunt_qazlal_clouds, minmay_temple_entry_fiery,
          gammafunk_ghost_cemetery, cheibrodos_sewer_entry_bend,
          nicolae_kite_square_tiling_tiny
D:5:      layout_basic, ebering_ghost_reflecting_pool, nicolae_alphabet_shops,
          uniq_ijyb, uniq_pikel
D:6:      layout_rooms, trog_wizard, mainiacjoe_overflow_boulevard,
          uniq_blork_the_orc, uniq_menkaure
D:7:      layout_basic, bloody_makhleb, mainiacjoe_overflow_alcove_4,
          serial_shops, nicolae_shop_trees, shop, shop, eino_jars
D:8:      layout_basic, lair_entry_dummy
D:9:      layout_gridville, vehumet_crystals, minmay_overflow_temple_star_hex,
          zombieorc2_lemuel, serial_shops, nicolae_shop_advertising_works
          [nicolae_subvault_shop_adworks], enter_bailey_2, nrook_mini_vaults,
          uniq_maggie
Temple:   hellmonk_temple_micro_hex

Skill      XL: |  1  2  3  4  5  6  7  8  9 10 |
---------------+-------------------------------+-----
Fighting       | 4 5 6 7 8 10 11 | 11.2
Unarmed Combat | 4 5 6 7 8 10 11 | 11.2
Armour         | 3 5 6 |  6.7
Dodging        | |  2.6
Stealth        | |  2.1

Action                   |  1- 3 |  4- 6 |  7- 9 | 10-12 || total
-------------------------+-------+-------+-------+-------++-------
Melee: Unarmed           |   104 |   272 |   335 |   202 ||   913
       Punch             |     1 |     3 |    10 |    10 ||    24
Evoke: Wand              |       |       |       |     5 ||     5
  Use: Scroll            |    10 |     4 |       |     8 ||    22
       Potion            |       |     1 |     1 |       ||     2
 Stab: Sleeping          |    10 |     1 |       |       ||    11
Armor: Robe              |     8 |    73 |    19 |       ||   100
       Chain mail        |       |       |   106 |    14 ||   120
       Plate armour      |       |       |       |    62 ||    62
Dodge: Dodged            |    55 |   318 |   191 |   186 ||   750

Table legend: (Time is in decaauts)
 A = Elapsed time spent in this place.
 B = Non-inter-level travel time spent in this place.
 C = Inter-level travel time spent in this place.
 D = Time resting spent in this place.
 E = Time spent auto-exploring this place.
 F = Levels seen in this place.
 G = Mean time per level.
                   A        B        C        D        E       F      G
               +--------+--------+--------+--------+--------+-----+--------+
         Total |  10510 |   9946 |    564 |   2496 |   5016 |  11 |  955.5 |
       Dungeon |   9521 |   8957 |    564 |   2180 |   4648 |   9 | 1057.9 |
        Temple |      1 |      1 |      0 |      0 |      0 |   1 |    1.0 |
         Sewer |    986 |    986 |      0 |    315 |    368 |   1 |  986.0 |
               +--------+--------+--------+--------+--------+-----+--------+

Top non-repeatable levels by time:
     D:7: 2086 daAuts
     D:6: 2069 daAuts
     D:5: 1359 daAuts
     D:4: 1132 daAuts
   Sewer: 986 daAuts
     D:3: 902 daAuts
     D:1: 678 daAuts
     D:8: 635 daAuts
     D:2: 535 daAuts
     D:9: 122 daAuts
  Temple: 1 daAuts
